| TOP OF THE 1ST |
|
Bowie Baysox batting - Pitching for Northwest Arkansas Naturals : RHP Tim Tucker
|
|
Pitching: RHP Tim Tucker
|
|
|
Batting: LHB Pat Shaddock
|
0-0: Ball 1-0: TRIPLE (Flyball, 78XD, EV 98.1 MPH)
|
|
Batting: LHB James Betron
|
0-0: Ball 1-0: SINGLE (Groundball, 4M, EV 79.4 MPH) (infield hit) Pat Shaddock scores
|
|
Batting: RHB Vince Jackson
|
0-0: Called Strike 0-1: Ball 1-1: SINGLE (Groundball, 6M, EV 85.0 MPH) (infield hit) James Betron to second
|
|
Batting: LHB Raul Rojas
|
0-0: Ball 1-0: Ball 2-0: Ball 3-0: Base on Balls James Betron to third Vince Jackson to second
|
|
Batting: LHB Matt Patnaude
|
0-0: Foul Ball, location: 2F 0-1: Ball 1-1: Foul Ball, location: 2F 1-2: SINGLE (Groundball, 4MD, EV 103.1 MPH) James Betron scores Vince Jackson to third Raul Rojas to second
|
|
Batting: LHB Eddie Ramirez
|
0-0: Ball 1-0: Ball 2-0: Ball 3-0: Base on Balls Vince Jackson scores Raul Rojas to third Matt Patnaude to second
|
|
Pitching: RHP Vinny Reveles
|
|
|
Batting: RHB Travis Carter
|
0-0: Called Strike 0-1: Ball 1-1: Foul Ball, location: 2F 1-2: Fielders Choice at 2nd, 6-4 (Groundball, 6, EV 100.6 MPH) Raul Rojas scores Matt Patnaude to third
|
|
Batting: LHB Jose Fierro
|
0-0: Foul Ball, location: 2F 0-1: Ball 1-1: Foul Ball, location: 2F 1-2: Foul Ball, location: 2F 1-2: Strikes out looking
|
|
Batting: SHB Hugo Moreno
|
Balk! Matt Patnaude scores Travis Carter to second 0-0: Ball 1-0: Foul Ball, location: 2F 1-1: Ball 2-1: Foul Ball, location: 2F 2-2: DOUBLE (Line Drive, 78D, EV 102.5 MPH) Travis Carter scores
|
|
Batting: LHB Pat Shaddock
|
0-0: Called Strike 0-1: Ball 1-1: Swinging Strike 1-2: Strikes out swinging
|
| Top of the 1st over - 6 runs, 5 hits, 0 errors, 1 left on base; Bowie 6 - Northwest Arkansas 0 |
| BOTTOM OF THE 1ST |
|
Northwest Arkansas Naturals batting - Pitching for Bowie Baysox : LHP Silas Chinn
|
|
Pitching: LHP Silas Chinn
|
|
|
Batting: RHB Yi-lin Niu
|
0-0: Ball 1-0: Ball 2-0: Called Strike 2-1: Swinging Strike 2-2: Ball 3-2: Strikes out swinging
|
|
Batting: RHB Danny Weisse
|
0-0: SINGLE (Groundball, 56, EV 106.2 MPH)
|
|
Batting: RHB Kevin Roseen
|
0-0: Called Strike 0-1: Foul Ball, location: 2F 0-2: Ball 1-2: Foul Ball, location: 2F 1-2: Grounds into double play, 4-6-3 (Groundball, 34, EV 88.1 MPH)
|
| Bottom of the 1st over - 0 runs, 1 hit, 0 errors, 0 left on base; Bowie 6 - Northwest Arkansas 0 |
| TOP OF THE 2ND |
|
Bowie Baysox batting - Pitching for Northwest Arkansas Naturals : RHP Vinny Reveles
|
|
Pitching: RHP Matt Slater
|
|
|
Batting: LHB James Betron
|
0-0: Ball 1-0: Ground out 4-3 (Groundball, 4, EV 86.2 MPH)
|
|
Batting: RHB Vince Jackson
|
0-0: SINGLE (Groundball, 4MD, EV 98.8 MPH)
|
|
Batting: LHB Raul Rojas
|
0-0: Fly out, F6 (Popup, 6MS, EV 59.4 MPH)
|
|
Batting: LHB Matt Patnaude
|
0-0: Swinging Strike 0-1: Ball Wild Pitch! Vince Jackson to second 1-1: Foul Ball, location: 2F 1-2: Ball 2-2: Foul Ball, location: 2F 2-2: Ball 3-2: Foul Ball, location: 2F 3-2: Strikes out swinging
|
| Top of the 2nd over - 0 runs, 1 hit, 0 errors, 1 left on base; Bowie 6 - Northwest Arkansas 0 |
| BOTTOM OF THE 2ND |
|
Northwest Arkansas Naturals batting - Pitching for Bowie Baysox : LHP Silas Chinn
|
|
Batting: SHB Jason Anaya
|
0-0: Called Strike 0-1: Fly out, F9 (Flyball, 9S, EV 78.8 MPH)
|
|
Batting: RHB Alex Cid
|
0-0: Ball 1-0: SINGLE (Line Drive, 56D, EV 98.1 MPH)
|
|
Batting: LHB Josh Moore
|
0-0: Foul Ball, location: 2F 0-1: Foul Ball, location: 2F 0-2: Foul Ball, location: 2F 0-2: Ball 1-2: Ball 2-2: Foul Ball, location: 2F 2-2: Strikes out looking
|
|
Batting: RHB Kevin Allen
|
0-0: Foul Ball, location: 2F 0-1: Ball 1-1: Fly out, F9 (Line Drive, 9LM, EV 103.8 MPH)
|
| Bottom of the 2nd over - 0 runs, 1 hit, 0 errors, 1 left on base; Bowie 6 - Northwest Arkansas 0 |
| TOP OF THE 3RD |
|
Bowie Baysox batting - Pitching for Northwest Arkansas Naturals : RHP Matt Slater
|
|
Batting: LHB Eddie Ramirez
|
0-0: Ball 1-0: SINGLE (Groundball, 34D, EV 96.2 MPH)
|
|
Batting: RHB Travis Carter
|
0-0: Ball 1-0: Swinging Strike 1-1: Ball 2-1: Ball 3-1: Base on Balls Eddie Ramirez to second
|
|
Pitching: LHP Jake Warwick
|
|
|
Batting: LHB Jose Fierro
|
0-0: Ball 1-0: Ball 2-0: Swinging Strike 2-1: Called Strike 2-2: Foul Ball, location: 2F 2-2: SINGLE (Groundball, 6MD, EV 95.0 MPH) Eddie Ramirez to third Travis Carter to second
|
|
Batting: SHB Hugo Moreno
|
0-0: Swinging Strike 0-1: Foul Ball, location: 2F 0-2: Strikes out looking
|
|
Batting: LHB Pat Shaddock
|
0-0: Ball 1-0: Ball 2-0: Ball 3-0: Called Strike 3-1: Foul Ball, location: 2F 3-2: SINGLE (Flyball, 4D, EV 88.8 MPH) Eddie Ramirez scores Travis Carter to third Jose Fierro to second
|
|
Batting: LHB James Betron
|
0-0: Fly out, F8 (Flyball, 8LD, EV 95.6 MPH) Runner from 3rd tags up, SCORES, throw by CF Jose Fierro to third
|
|
Batting: RHB Vince Jackson
|
0-0: Ball 1-0: Fielders Choice at 2nd, U4 (Groundball, 4M, EV 83.8 MPH)
|
| Top of the 3rd over - 2 runs, 3 hits, 0 errors, 2 left on base; Bowie 8 - Northwest Arkansas 0 |
| BOTTOM OF THE 3RD |
|
Northwest Arkansas Naturals batting - Pitching for Bowie Baysox : LHP Silas Chinn
|
|
Batting: RHB Ben Minge
|
0-0: Ball 1-0: Ball 2-0: Called Strike 2-1: Called Strike 2-2: Foul Ball, location: 2F 2-2: Strikes out swinging
|
|
Batting: LHB Joel Page
|
0-0: Ball 1-0: Ball 2-0: Ball 3-0: Called Strike 3-1: Swinging Strike 3-2: Strikes out swinging
|
|
Batting: RHB Yi-lin Niu
|
0-0: Ball 1-0: Foul Ball, location: 2F 1-1: Called Strike 1-2: Strikes out swinging
|
| Bottom of the 3rd over - 0 runs, 0 hits, 0 errors, 0 left on base; Bowie 8 - Northwest Arkansas 0 |
| TOP OF THE 4TH |
|
Bowie Baysox batting - Pitching for Northwest Arkansas Naturals : LHP Jake Warwick
|
|
Pitching: RHP Matthew Orphan
|
|
|
Batting: LHB Raul Rojas
|
0-0: Called Strike 0-1: Ball 1-1: Foul Ball, location: 2F 1-2: Ground out 6-3 (Groundball, 6, EV 90.0 MPH)
|
|
Batting: LHB Matt Patnaude
|
0-0: Foul Ball, location: 2F 0-1: Ball 1-1: Ball 2-1: Swinging Strike 2-2: Fly out, F9 (Flyball, 89M, EV 90.6 MPH)
|
|
Batting: LHB Eddie Ramirez
|
0-0: Ball 1-0: Ball 2-0: Ball 3-0: Called Strike 3-1: Foul Ball, location: 2F 3-2: Reached on error, E6 (Groundball, 4M, EV 76.9 MPH)
|
|
Batting: RHB Travis Carter
|
0-0: Ball 1-0: SINGLE (Line Drive, 8RS, EV 99.4 MPH) Eddie Ramirez to second
|
|
Batting: LHB Jose Fierro
|
0-0: Ball Passed Ball! Eddie Ramirez to third Travis Carter to second 1-0: SINGLE (Line Drive, 56D, EV 96.9 MPH) Eddie Ramirez scores Travis Carter to third Runner from 3rd tries for Home, SAFE, throw by LF to home
|
|
Pitching: RHP Philip Terrell
|
|
|
Batting: SHB Hugo Moreno
|
0-0: Called Strike 0-1: Ball 1-1: Ball 2-1: Fly out, F9 (Flyball, 89M, EV 94.4 MPH)
|
| Top of the 4th over - 2 runs, 2 hits, 1 error, 1 left on base; Bowie 10 - Northwest Arkansas 0 |
| BOTTOM OF THE 4TH |
|
Northwest Arkansas Naturals batting - Pitching for Bowie Baysox : LHP Silas Chinn
|
|
Batting: RHB Danny Weisse
|
0-0: Ball 1-0: Called Strike 1-1: Ball 2-1: Swinging Strike 2-2: Strikes out looking
|
|
Batting: RHB Kevin Roseen
|
0-0: Called Strike 0-1: Ball 1-1: Called Strike 1-2: Strikes out looking
|
|
Batting: SHB Jason Anaya
|
0-0: Called Strike 0-1: Ball 1-1: Ball 2-1: Foul Ball, location: 2F 2-2: Ball 3-2: Strikes out swinging, 2-3 out at first.
|
| Bottom of the 4th over - 0 runs, 0 hits, 0 errors, 0 left on base; Bowie 10 - Northwest Arkansas 0 |
| TOP OF THE 5TH |
|
Bowie Baysox batting - Pitching for Northwest Arkansas Naturals : RHP Philip Terrell
|
|
Batting: LHB Pat Shaddock
|
0-0: Foul Ball, location: 2F 0-1: Foul Ball, location: 2F 0-2: Ball 1-2: Ball 2-2: Foul Ball, location: 2F 2-2: Ball 3-2: SINGLE (Groundball, 34, EV 107.5 MPH)
|
|
Batting: LHB James Betron
|
0-0: Ball 1-0: Fielders Choice at 2nd, 1-6 (Groundball, 13, EV 69.4 MPH)
|
|
Batting: RHB Vince Jackson
|
0-0: Ball 1-0: Foul Ball, location: 2F 1-1: Swinging Strike 1-2: Strikes out looking
|
|
Batting: LHB Raul Rojas
|
0-0: Ball 1-0: Foul Ball, location: 2F 1-1: Called Strike 1-2: SINGLE (Groundball, 56D, EV 105.6 MPH) James Betron to second
|
|
Pitching: RHP Joe Adelmann
|
|
|
Batting: LHB Matt Patnaude
|
0-0: DOUBLE (Flyball, 89XD, EV 101.2 MPH) James Betron scores Raul Rojas to third Runner from 3rd tries for Home, SAFE, no throw by CF
|
|
Batting: LHB Eddie Ramirez
|
0-0: Called Strike 0-1: Foul Ball, location: 2F 0-2: Ball 1-2: Ball 2-2: SINGLE (Line Drive, 78S, EV 100.0 MPH) Matt Patnaude to third Runner from 3rd tries for Home, SAFE, throw by LF to home
|
|
Batting: RHB Travis Carter
|
0-0: Ball 1-0: Ball 2-0: Called Strike 2-1: Fielders Choice at 2nd, 6-4 (Groundball, 6, EV 103.8 MPH)
|
| Top of the 5th over - 3 runs, 4 hits, 0 errors, 1 left on base; Bowie 13 - Northwest Arkansas 0 |
| BOTTOM OF THE 5TH |
|
Northwest Arkansas Naturals batting - Pitching for Bowie Baysox : LHP Silas Chinn
|
|
Batting: RHB Alex Cid
|
0-0: Fly out, F9 (Flyball, 9D, EV 105.0 MPH)
|
|
Batting: LHB Josh Moore
|
0-0: Ball 1-0: Ball 2-0: SINGLE (Line Drive, 56D, EV 98.1 MPH)
|
|
Batting: RHB Kevin Allen
|
0-0: Called Strike 0-1: Foul Ball, location: 2F 0-2: Strikes out swinging
|
|
Batting: RHB Ben Minge
|
0-0: Ball 1-0: Called Strike 1-1: Swinging Strike 1-2: Ball 2-2: Strikes out swinging
|
| Bottom of the 5th over - 0 runs, 1 hit, 0 errors, 1 left on base; Bowie 13 - Northwest Arkansas 0 |
| TOP OF THE 6TH |
|
Bowie Baysox batting - Pitching for Northwest Arkansas Naturals : RHP Joe Adelmann
|
|
Batting: LHB Jose Fierro
|
0-0: Ball 1-0: Ball 2-0: Foul Ball, location: 2F 2-1: Ball 3-1: Base on Balls
|
|
Batting: SHB Hugo Moreno
|
0-0: Called Strike 0-1: Swinging Strike 0-2: Ball 1-2: SINGLE (Groundball, 15S, EV 63.8 MPH) (infield hit) Jose Fierro to second
|
|
Pitching: RHP Matt Voulgaris
|
|
|
Batting: LHB Pat Shaddock
|
0-0: Swinging Strike 0-1: Ball 1-1: Foul Ball, location: 2F 1-2: Ball 2-2: SINGLE (Groundball, 15S, EV 68.8 MPH) (infield hit) Jose Fierro to third Hugo Moreno to second
|
|
Batting: LHB James Betron
|
0-0: Ball 1-0: Ball 2-0: Called Strike 2-1: Called Strike 2-2: Foul Ball, location: 2F 2-2: Foul Ball, location: 2F 2-2: Ball 3-2: Grounds into fielders choice 1-2 (Groundball, 13, EV 63.8 MPH) Hugo Moreno to third Pat Shaddock to second
|
|
Batting: RHB Vince Jackson
|
0-0: Ball 1-0: Swinging Strike 1-1: Fly out, F9 (Line Drive, 9S, EV 93.8 MPH)
|
|
Batting: LHB Raul Rojas
|
0-0: Ball 1-0: Ball 2-0: Foul Ball, location: 2F 2-1: Ball 3-1: Swinging Strike 3-2: Foul Ball, location: 2F 3-2: Fly out, F8 (Flyball, 8LD, EV 93.8 MPH)
|
| Top of the 6th over - 0 runs, 2 hits, 0 errors, 3 left on base; Bowie 13 - Northwest Arkansas 0 |
| BOTTOM OF THE 6TH |
|
Northwest Arkansas Naturals batting - Pitching for Bowie Baysox : LHP Silas Chinn
|
|
Batting: LHB Joel Page
|
0-0: Ground out 6-3 (Groundball, 6, EV 86.2 MPH)
|
|
Batting: RHB Yi-lin Niu
|
0-0: Ball 1-0: Fly out, F9 (Flyball, 9, EV 87.5 MPH)
|
|
Batting: RHB Danny Weisse
|
0-0: Called Strike 0-1: Swinging Strike 0-2: Foul Ball, location: 2F 0-2: Ball 1-2: Strikes out swinging
|
| Bottom of the 6th over - 0 runs, 0 hits, 0 errors, 0 left on base; Bowie 13 - Northwest Arkansas 0 |
| TOP OF THE 7TH |
|
Bowie Baysox batting - Pitching for Northwest Arkansas Naturals : RHP Matt Voulgaris
|
|
Batting: LHB Matt Patnaude
|
0-0: Ball 1-0: Foul Ball, location: 2F 1-1: Ball 2-1: SOLO HOME RUN (Flyball, 7D, EV 99.4 MPH), Distance : 375 ft
|
|
Batting: LHB Eddie Ramirez
|
0-0: Fly out, F8 (Flyball, 89D, EV 98.8 MPH)
|
|
Batting: RHB Travis Carter
|
0-0: Ball 1-0: Called Strike 1-1: Called Strike 1-2: SINGLE (Groundball, 56D, EV 98.8 MPH)
|
|
Batting: LHB Jose Fierro
|
0-0: Called Strike 0-1: Fly out, F7 (Flyball, 7S, EV 89.4 MPH)
|
|
Batting: SHB Hugo Moreno
|
0-0: Ball 1-0: Foul Ball, location: 2F 1-1: Foul Ball, location: 2F 1-2: Ball 2-2: Foul Ball, location: 2F 2-2: Fly out, F8 (Line Drive, 8LM, EV 106.2 MPH)
|
| Top of the 7th over - 1 run, 2 hits, 0 errors, 1 left on base; Bowie 14 - Northwest Arkansas 0 |
| BOTTOM OF THE 7TH |
|
Northwest Arkansas Naturals batting - Pitching for Bowie Baysox : LHP Silas Chinn
|
|
Batting: RHB Kevin Roseen
|
0-0: Ball 1-0: Called Strike 1-1: Foul Ball, location: 2F 1-2: SINGLE (Groundball, 56D, EV 105.6 MPH)
|
|
Batting: SHB Jason Anaya
|
0-0: Called Strike 0-1: Foul Ball, location: 2F 0-2: Ball 1-2: Ball 2-2: Strikes out swinging
|
|
Batting: RHB Alex Cid
|
0-0: Ball 1-0: Ball 2-0: Grounds into double play, 6-4-3 (Groundball, 56, EV 85.0 MPH)
|
| Bottom of the 7th over - 0 runs, 1 hit, 0 errors, 0 left on base; Bowie 14 - Northwest Arkansas 0 |
| TOP OF THE 8TH |
|
Bowie Baysox batting - Pitching for Northwest Arkansas Naturals : RHP Matt Voulgaris
|
|
Batting: LHB Pat Shaddock
|
0-0: Ball 1-0: Called Strike 1-1: Ground out U3 (Groundball, 34S, EV 92.5 MPH)
|
|
Batting: LHB James Betron
|
0-0: Called Strike 0-1: Foul Ball, location: 2F 0-2: Ball 1-2: Strikes out swinging
|
|
Batting: RHB Vince Jackson
|
0-0: Called Strike 0-1: Foul Ball, location: 2F 0-2: Foul Ball, location: 2F 0-2: Ball 1-2: Foul Ball, location: 2F 1-2: Strikes out swinging
|
| Top of the 8th over - 0 runs, 0 hits, 0 errors, 0 left on base; Bowie 14 - Northwest Arkansas 0 |
| BOTTOM OF THE 8TH |
|
Northwest Arkansas Naturals batting - Pitching for Bowie Baysox : LHP Silas Chinn
|
|
Batting: LHB Josh Moore
|
0-0: Ball 1-0: Foul Ball, location: 2F 1-1: Foul Ball, location: 2F 1-2: Strikes out swinging
|
|
Batting: RHB Kevin Allen
|
0-0: SINGLE (Groundball, 34D, EV 103.1 MPH)
|
|
Batting: RHB Ben Minge
|
0-0: Ball 1-0: Foul Ball, location: 2F 1-1: Ball 2-1: SINGLE (Groundball, P, EV 85.6 MPH) (infield hit) Kevin Allen to second
|
|
Batting: LHB Joel Page
|
0-0: Bunt missed! 0-1: Ball 1-1: Bunted foul 1-2: Bunt missed, Strikeout!
|
|
Batting: RHB Yi-lin Niu
|
0-0: Ball 1-0: Fly out, F7 (Line Drive, 7, EV 89.4 MPH)
|
| Bottom of the 8th over - 0 runs, 2 hits, 0 errors, 2 left on base; Bowie 14 - Northwest Arkansas 0 |
| TOP OF THE 9TH |
|
Bowie Baysox batting - Pitching for Northwest Arkansas Naturals : RHP Matt Voulgaris
|
|
Batting: LHB Raul Rojas
|
0-0: Ground out 4-3 (Groundball, 4, EV 85.6 MPH)
|
|
Batting: LHB Matt Patnaude
|
0-0: Swinging Strike 0-1: Called Strike 0-2: Strikes out swinging
|
|
Batting: LHB Eddie Ramirez
|
0-0: Called Strike 0-1: Foul Ball, location: 2F 0-2: Ball 1-2: Ball 2-2: SINGLE (Flyball, 7, EV 91.9 MPH)
|
|
Batting: RHB Travis Carter
|
0-0: Fly out, F5 (Popup, 15, EV 76.9 MPH)
|
| Top of the 9th over - 0 runs, 1 hit, 0 errors, 1 left on base; Bowie 14 - Northwest Arkansas 0 |
| BOTTOM OF THE 9TH |
|
Northwest Arkansas Naturals batting - Pitching for Bowie Baysox : LHP Silas Chinn
|
|
Pitching: RHP Mike Hurst
|
|
|
Batting: RHB Danny Weisse
|
0-0: Called Strike 0-1: Swinging Strike 0-2: Ground out 4-3 (Groundball, 4, EV 86.2 MPH)
|
|
Batting: RHB Kevin Roseen
|
0-0: Ground out 4-3 (Groundball, 4, EV 100.0 MPH)
|
|
Batting: SHB Jason Anaya
|
0-0: Called Strike 0-1: Called Strike 0-2: Strikes out swinging
|
| Bottom of the 9th over - 0 runs, 0 hits, 0 errors, 0 left on base; Bowie 14 - Northwest Arkansas 0 |
|